 Dungeon Crawl Stone Soup version 0.18-a0-1776-gf4084f6 (webtiles) character file.

381 TheGoonsmith the Conjurer (level 6, -6/39 HPs)
             Began as an Octopode Conjurer on Apr 16, 2016.
             Was an Initiate of Kikubaaqudgha.
             Mangled by Blork the orc
             ... wielding a +3 flail of protection
              (10 damage)
             ... on level 5 of the Dungeon.
             The game lasted 00:10:46 (4474 turns).

TheGoonsmith the Conjurer (Octopode Conjurer)       Turns: 4474, Time: 00:10:47

Health: -6/39      AC:  1    Str:  7    XL:     6   Next: 75%
Magic:  1/12       EV: 18    Int: 24    God:    Kikubaaqudgha [......]
Gold:   162        SH:  0    Dex: 18    Spells: 4 memorised, 1 level left

rFire  . . .     SeeInvis +     c - +0 dagger
rCold  . . .     Gourm    .     (no shield)
rNeg   . . .     Faith    .     (helmet restricted)
rPois  .         Spirit   .     s - amulet of rage
rElec  .         Dismiss  .     l - ring of see invisible
rCorr  .         Reflect  .     (no ring)
SustAt .         Harm     .     (no ring)
MR     .....                    (no ring)
Stlth  +++++.....               (no ring)
                                (no ring)
                                (no ring)
                                (no ring)

@: brilliant, agile, flying, not resistant to hostile enchantments, quite
stealthy
A: almost no armour, amphibious, 8 rings, constrict 8, camouflage 1, gelatinous
body 1
a: Renounce Religion, Evoke Berserk Rage


You were on level 5 of the Dungeon.
You worshipped Kikubaaqudgha.
Kikubaaqudgha was noncommittal.
You were hungry.

You visited 1 branch of the dungeon, and saw 5 of its levels.

You collected 162 gold pieces.

Inventory:

Hand Weapons
 c - a +0 dagger (weapon)
Jewellery
 l - a ring of see invisible (left tentacle)
 p - an uncursed amulet of the gourmand
 s - an amulet of rage (around mantle)
Scrolls
 f - 2 scrolls of recharging {unknown}
 g - 2 scrolls of enchant armour
 t - a scroll of remove curse
Potions
 d - 4 potions of brilliance
 i - 3 potions of berserk rage
 n - a potion of might {unknown}
 o - a potion of cure mutation {unknown}
Books
 a - a book of Conjurations

   Spells                             Type                      Level
   a - Magic Dart                     Conjuration                  1
   b - Searing Ray                    Conjuration                  2
   c - Dazzling Spray                 Conjuration/Hexes            3
   d - Fulminant Prism                Conjuration/Hexes            4
   e - Iskenderun's Mystic Blast      Conjuration                  4
   f - Iskenderun's Battlesphere      Conjuration/Charms           5
Comestibles
 b - 2 bread rations
 j - 2 meat rations


   Skills:
 - Level 2.2 Fighting
 - Level 2.0 Dodging
 - Level 2.6 Stealth
 - Level 4.1 Spellcasting
 + Level 6.2 Conjurations


You had one spell level left.
You knew the following spells:

 Your Spells              Type           Power        Failure   Level  Hunger
a - Magic Dart            Conj           ####         1%          1    None
b - Searing Ray           Conj           #####.       1%          2    #......
x - Iskenderun's Mystic   Conj           #####...     1%          4    ####...
z - Iskenderun's Battles  Conj/Chrm      ####....     14%         5    ######.


Dungeon Overview and Level Annotations

Branches:
Dungeon (5/15)
 Temple: D:4-7

Altars:
Gozag
Kikubaaqudgha
Okawaru

Annotations:
D:5 Blork the orc, Pikel


Innate Abilities, Weirdness & Mutations

You cannot wear most types of armour.
You are amphibious.
You can wear up to eight rings at the same time.
You can use your tentacles to constrict eight enemies at once.
Your skin changes colour to match your surroundings (Stealth).
Your rubbery body absorbs attacks (AC +1).


Message History

Blork the orc hits you with a flail of protection.
Blork the orc points at you and mumbles some strange words.
The puff of frost hits you! Blork the orc casts a spell at you.
The puff of frost hits you!
* * * LOW HITPOINT WARNING * * *
You swap places.
Blork the orc casts a spell at you. The puff of frost hits you!
* * * LOW HITPOINT WARNING * * *
Drink which item? (? for menu, Esc to quit)
It was a potion of curing.
You feel better. Blork the orc closely misses you.
Drink which item? (? for menu, Esc to quit)
You feel agile all of a sudden.
Blork the orc hits you with a flail of protection.
* * * LOW HITPOINT WARNING * * *
Blork the orc is no longer moving quickly.
Blork the orc hits you with a flail of protection!
You die...
Kikubaaqudgha rasps: "You have failed me!
Welcome... death!"

##.. #.. #... ..#
##... #..! #.... #...
##...# #...# #....#
#... ##...#. #...##
### ##....#p
#...@###.### #....##.
##...op....###..p###.
#..........#....##..
#......*.......###<.
#..............# ##.
#.............## #. ..
#.............# ## ...
#.............# #
...####............###


You could see Blork the orc, a slave and a friendly battlesphere.

Vanquished Creatures
  A slave (D:4)
  A centaur (D:4)
  The ghost of Kaishin the Insei, an amateur OpTm (D:3)
  A centaur skeleton (D:5)
  Jessica (D:2)
  A howler monkey skeleton (D:5)
  5 adders
  3 gnolls (D:3)
  A shadow imp (D:5)
  An ooze (D:3)
  A worm (D:3)
  3 dart slugs
  2 giant geckos
  5 orcs
  3 ball pythons
  6 bats
  4 giant cockroaches
  8 goblins
  6 hobgoblins
  4 quokkas
  3 giant newts
  5 kobolds (D:1)
  4 rats
70 creatures vanquished.

Notes
Turn   | Place    | Note
--------------------------------------------------------------
     0 | D:1      | TheGoonsmith the Octopode Conjurer began the quest for the Orb.
     0 | D:1      | Reached XP level 1. HP: 11/11 MP: 3/3
   229 | D:1      | Reached XP level 2. HP: 17/17 MP: 3/5
   259 | D:1      | Learned a level 2 spell: Searing Ray
   796 | D:2      | Reached XP level 3. HP: 21/21 MP: 1/6
   851 | D:2      | Reached skill level 5 in Conjurations
  1210 | D:2      | Found an ancient bone altar of Kikubaaqudgha.
  1417 | D:2      | Noticed Jessica
  1422 | D:2      | Killed Jessica
  1422 | D:2      | Reached XP level 4. HP: 27/27 MP: 1/8
  1912 | D:3      | Reached skill level 1 in Fighting
  2039 | D:3      | Reached XP level 5. HP: 8/34 MP: 0/9
  2445 | D:2      | Became a worshipper of Kikubaaqudgha
  2513 | D:3      | Noticed Kaishin's ghost (amateur OpTm)
  2518 | D:3      | Killed Kaishin's ghost
  2597 | D:3      | Learned a level 4 spell: Iskenderun's Mystic Blast
  2825 | D:3      | Found a faded altar to an unknown god.
  2882 | D:4      | Reached XP level 6. HP: 39/39 MP: 8/12
  2889 | D:4      | Learned a level 5 spell: Iskenderun's Battlesphere
  3191 | D:4      | Found an opulent altar of Gozag.
  3778 | D:5      | Entered Level 5 of the Dungeon
  3857 | D:5      | Reached skill level 6 in Conjurations
  3996 | D:5      | Found an iron altar of Okawaru.
  4151 | D:5      | Noticed a slave
  4152 | D:5      | Noticed a slave
  4157 | D:5      | Noticed Pikel
  4157 | D:5      | Noticed a slave
  4184 | D:4      | Killed a slave
  4419 | D:5      | Noticed Blork the orc
  4455 | D:5      | HP: 1/39 [Blork the orc/puff of flame (12)]
  4461 | D:5      | Noticed a slave
  4474 | D:5      | Mangled by Blork the orc

Vault maps used:
D:1:      dpeg_arrival_simpleton_b
D:2:      kiku_gazebo_pond_becter, uniq_jessica
D:3:      ecumenical_altar_1
D:4:      nicolae_gozag_seed_capital, first_bread, kennysheep_decorative_pillar,
          st_stairs_11, due_unseen_surprise
D:5:      lemuel_crystal_altar, uniq_pikel, uniq_blork_the_orc

Skill      XL: |  1  2  3  4  5  6 |
---------------+-------------------+-----
Conjurations   | 5 6 |  6.2
Spellcasting   | 3 4 |  4.1
Fighting       | 2 |  2.2
Dodging        | |  2.0
Stealth        | |  2.6

Action                   |  1- 3 |  4- 6 || total
-------------------------+-------+-------++-------
Melee: Dagger            |     8 |    14 ||    22
       Constrict         |     2 |     5 ||     7
       Tentacles         |     1 |     5 ||     6
 Cast: Magic Dart        |    60 |   100 ||   160
       Searing Ray       |       |     5 ||     5
       Iskenderun's Myst |       |     1 ||     1
       Iskenderun's Batt |       |     1 ||     1
  Use: Potion            |       |     6 ||     6
       Scroll            |       |     8 ||     8
 Stab: Sleeping          |     2 |       ||     2
  Eat: Chunk             |     2 |    10 ||    12
Armor: Skin              |     1 |     2 ||     3
Dodge: Dodged            |    11 |    18 ||    29
